 Dungeon Crawl Stone Soup version 0.20.1-1-g8b1a95d (webtiles) character file.

1008 letownia2 the Grave Robber (level 8, 35/62 HPs)
             Began as a Deep Dwarf Necromancer on Nov 28, 2017.
             Was an Initiate of Gozag.
             Quit the game on level 5 of the Dungeon.
             The game lasted 00:18:59 (6140 turns).

letownia2 the Grave Robber (Deep Dwarf Necromancer) Turns: 6140, Time: 00:18:59

Health: 35/62      AC:  5    Str: 12    XL:     8   Next: 1%
Magic:  7/14       EV: 11    Int: 22    God:    Gozag
Gold:   120        SH:  0    Dex: 13    Spells: 3/15 levels left

rFire    . . .     SeeInvis .   f - +0 dagger
rCold    . . .     Gourm    .   (no shield)
rNeg     . . .     Faith    .   i - +0 ring mail
rPois    .         Spirit   .   (no helmet)
rElec    .         Reflect  .   (no cloak)
rCorr    .         Harm     .   (no gloves)
MR       ++...                  (no boots)
Stlth    +.........             d - amulet of rage
Regen    0.0/turn               t - ring of protection from magic
MPRegen  0.2/turn               y - +4 ring of intelligence

@: gold aura, non-regenerating
A: damage resistance, heal wounds, sense surroundings 1, no regeneration
a: Heal Wounds, Potion Petition, Call Merchant, Bribe Branch, Renounce Religion,
Evoke Berserk Rage


You were on level 5 of the Dungeon.
You worshipped Gozag.
Gozag was aware of your devotion.
You were near starving.

You visited 2 branches of the dungeon, and saw 7 of its levels.

You collected 190 gold pieces.
You paid 70 gold pieces to Gozag.

Inventory:

Hand Weapons
 f - a +0 dagger (weapon)
 g - a +0 war axe
 s - a +0 hunting sling
 x - a cursed -2 trident
 C - a +0 war axe
Armour
 a - a +0 robe
 i - a +0 ring mail (worn)
Jewellery
 d - an amulet of rage (around neck)
 t - a ring of protection from magic (left hand)
 y - a +4 ring of intelligence (right hand)
 A - an uncursed ring of ice
Wands
 b - a wand of disintegration (5/24)
 B - a wand of lightning (3/15)
Scrolls
 e - a scroll of enchant armour {unknown}
 h - 2 scrolls of enchant weapon {unknown}
 n - 4 scrolls of identify
 p - 3 scrolls of teleportation {unknown}
 q - a scroll of blinking {unknown}
 r - 3 scrolls of amnesia {unknown}
 v - 4 scrolls of remove curse {unknown}
 E - a scroll of random uselessness {unknown}
Potions
 j - 2 potions of heal wounds {unknown}
 k - 2 potions of degeneration {unknown}
 m - 2 potions of curing
 u - 2 potions of haste {unknown}
 w - 3 potions of berserk rage {unknown}
 z - a potion of cancellation {unknown}
 D - 3 potions of invisibility {unknown}
 G - a potion of brilliance {unknown}
 H - a potion of flight {unknown}
Comestibles
 c - 6 bread rations
 l - 4 royal jellies
 o - 3 meat rations


   Skills:
 + Level 0.1 Fighting
 + Level 0.2 Armour
 - Level 2.1 Dodging
 - Level 2.4 Stealth
 + Level 4.1 Spellcasting
 - Level 3.0 Conjurations
 + Level 7.3 Necromancy
 - Level 3.4 Fire Magic
 + Level 1.0 Air Magic
 + Level 0.8 Poison Magic


You had 3 spell levels left.
You knew the following spells:

 Your Spells              Type           Power        Failure   Level  Hunger
a - Pain                  Necr           ####         1%          1    None
b - Blink                 Tloc           N/A          36%         2    #......
c - Conjure Flame         Conj/Fire      ###.....     21%         3    ##.....
e - Mephitic Cloud        Conj/Pois/Air  ##......     36%         3    ##.....
v - Vampiric Draining     Necr           #####.....   3%          3    ##.....


Dungeon Overview and Level Annotations

Branches:
Dungeon (6/15)             Temple (1/1) D:4

Altars:
Ashenzari
Cheibriados
Dithmenos
Elyvilon
Fedhas
Gozag
Hepliaklqana
Kikubaaqudgha
Makhleb
Nemelex Xobeh
Okawaru
Qazlal
Sif Muna
Trog
Vehumet
Xom
Yredelemnul
Zin
The Shining One

Annotations:
D:4 exclusion: crimson imp


Innate Abilities, Weirdness & Mutations

You are resistant to damage.
You can heal yourself by infusing magical energy.
You passively map a small area around you.
You do not regenerate.


Message History

Press: ? - help, Shift-Dir - straight line, f/p - orc wizard
Aim: an orc wizard, wielding a dagger and wearing a robe (almost dead, fast, chance to defeat MR: 84%)
The orc wizard writhes in agony!
The orc wizard barely misses you.
The crimson imp hits you but does no damage.
Casting: Pain
Confirm with . or Enter, or press ? or * to list all spells.
Aiming: Pain
Press: ? - help, Shift-Dir - straight line, f/p - orc wizard
Aim: an orc wizard, wielding a dagger and wearing a robe (almost dead, fast, chance to defeat MR: 84%)
The orc wizard writhes in agony!
You kill the orc wizard!
Your Air Magic skill increases to level 1!
You have reached level 8!
You feel clever.
The crimson imp is distracted by the nearby gold.
The crimson imp is no longer distracted by gold.
Things that are here:
4 gold pieces; a dagger; a robe
Okay, then.
Are you sure you want to abandon this character and quit the game? (Confirm with "yes".)

#..##.....##................#
#..........#...............##
#..........#...............##
...##.....##................#
...##.....##................#
....#.....#.................#
....'.....#................######
#..##.....##...............##....
#..######'##....@5...#####.......
#................>...##..........
..........................###....
<.........................#_'....
#.........................###....
#..##.....##.........##..........
#..##.....##.....##.>##..........
#..........#.....##..##..........
#........).'..........ยง..5.......


You could see a crimson imp.

Vanquished Creatures
  Sigmund (D:3)
  An ice beast (D:5)
  2 sky beasts
  A scorpion (D:5)
  A howler monkey (D:5)
  2 jellies (D:5)
  A hound (D:5)
  2 orc wizards
  Natasha (twice) (D:3)
  3 worker ants (D:5)
  A howler monkey zombie (D:5)
  3 gnolls
  A howler monkey skeleton (D:5)
  6 adders
  2 oozes
  An adder skeleton (D:5)
  A worm (D:6)
  A dart slug (D:1)
  6 leopard geckos
  10 orcs
  4 giant cockroaches
  9 goblins
  4 hobgoblins
  12 jackals
  6 quokkas
  2 ball pythons
  A ball python skeleton (D:5)
  10 bats
  9 frilled lizards
  5 kobolds
  A leopard gecko zombie (D:5)
  A quokka zombie (D:5)
  10 rats
122 creatures vanquished.

Vanquished Creatures (others)
  A goblin (D:3)
1 creature vanquished.

Grand Total: 123 creatures vanquished

Notes
Turn   | Place    | Note
-------+----------+-------------------------------------------
     0 | D:1      | letownia2 the Deep Dwarf Necromancer began the quest for the Orb.
     0 | D:1      | Reached XP level 1. HP: 15/15 MP: 3/3
   230 | D:2      | Reached XP level 2. HP: 22/22 MP: 3/5
   404 | D:3      | Noticed Natasha
   508 | D:1      | Reached skill level 5 in Necromancy
   547 | D:1      | HP: 1/22 [kobold/stone (1)]
   865 | D:2      | Reached XP level 3. HP: 1/28 MP: 3/6
   870 | D:2      | Learned a level 3 spell: Vampiric Draining
  1031 | D:3      | Noticed Sigmund
  1344 | D:4      | Noticed a gnoll sergeant
  1629 | D:4      | Found a burning altar of Makhleb.
  1881 | D:4      | Reached skill level 6 in Necromancy
  1881 | D:4      | Reached XP level 4. HP: 29/36 MP: 1/7
  1941 | D:4      | Learned a level 3 spell: Mephitic Cloud
  2287 | D:4      | Found a staircase to the Ecumenical Temple.
  2294 | Temple   | Entered the Ecumenical Temple
  2711 | D:3      | Reached XP level 5. HP: 39/42 MP: 0/8
  2904 | D:3      | Killed Sigmund
  2904 | D:3      | Reached skill level 7 in Necromancy
  2904 | D:3      | Reached XP level 6. HP: 36/49 MP: 3/11
  2935 | D:3      | Found a bloodstained altar of Trog.
  3161 | D:3      | Killed Natasha
  3178 | D:3      | Noticed Natasha
  3676 | D:3      | Killed Natasha
  3709 | D:5      | Entered Level 5 of the Dungeon
  3929 | D:5      | Learned a level 3 spell: Conjure Flame
  3933 | D:5      | Learned a level 2 spell: Blink
  4323 | D:5      | Found a blossoming altar of Fedhas.
  4360 | D:5      | Noticed an ice beast
  4408 | D:5      | Reached skill level 1 in Conjurations
  4414 | D:5      | Reached XP level 7. HP: 26/55 MP: 13/13
  4418 | D:5      | Reached skill level 1 in Fire Magic
  6027 | D:2      | You fall through a shaft!
  6116 | D:6      | Found an opulent altar of Gozag.
  6117 | D:6      | Found a radiant altar of Vehumet.
  6121 | D:6      | Became a worshipper of Gozag Ym Sagoz the Greedy
  6138 | D:5      | Reached skill level 1 in Air Magic
  6138 | D:5      | Reached XP level 8. HP: 35/62 MP: 7/14
  6140 | D:5      | Quit the game

Skill      XL: |  1  2  3  4  5  6  7 |
---------------+----------------------+-----
Spellcasting   | 2 3 4 |  4.1
Necromancy     | 5 6 7 |  7.3
Conjurations   | 1 3 |  3.0
Fire Magic     | 3 |  3.4
Air Magic      | 1 |  1.0
Fighting       | |  0.1
Armour         | |  0.2
Dodging        | |  2.1
Stealth        | |  2.4
Poison Magic   | |  0.8

Action                   |  1- 3 |  4- 6 |  7- 9 || total
-------------------------+-------+-------+-------++-------
Melee: Dagger            |       |    86 |    55 ||   141
 Cast: Pain              |    58 |    65 |    20 ||   143
       Vampiric Draining |    11 |    28 |    40 ||    79
       Conjure Flame     |       |       |     1 ||     1
  Use: Scroll            |       |       |     1 ||     1
  Eat: Chunk             |     5 |    11 |     7 ||    23
Armor: Robe              |     2 |       |       ||     2
       Ring mail         |       |    79 |    72 ||   151
Dodge: Dodged            |    12 |   148 |    96 ||   256
